 Dungeon Crawl Stone Soup version 0.31-a0-217-g58bb5d79cf (webtiles) character file.

Game seed: 2981622072757725578

12621 qw the Cleaver (level 11, -5/71 HPs)
             Began as a Gargoyle Fighter on July 2, 2023.
             Was a Priest of Okawaru.
             Slain by a shadow dragon (10 damage)
             ... on level 13 of the Dungeon.
             The game lasted 00:04:19 (9516 turns).

qw the Cleaver (Gargoyle Fighter)                   Turns: 9516, Time: 00:04:20

Health: -5/71      AC: 26    Str: 24    XL:     11   Next: 96%
Magic:  14/14      EV: 15    Int:  9    God:    Okawaru [***...]
Gold:   55         SH: 12    Dex:  9    Spells: 10/10 levels left

rFire   . . .        Y - +1 broad axe
rCold   . . .        u - +0 kite shield
rNeg    + . .        j - +0 chain mail
rPois   inf          o - +1 helmet
rElec   +            (no cloak)
rCorr   .            k - +2 pair of gloves
SInv    .            (no boots)
Will    .....        i - amulet of faith Stlth
                     p - +5 ring of evasion
HPRegen 0.31/turn    q - +4 ring of slaying {mikee}
MPRegen 0.14/turn

%: faith
@: about to teleport, heroic
A: sickness immunity, AC +8, negative energy resistance 1, electricity
resistance, torment resistance 1, petrification resistance
a: Renounce Religion, Heroism


You were on level 13 of the Dungeon.
You worshipped Okawaru.
Okawaru was most pleased with you.
You visited 2 branches of the dungeon, and saw 14 of its levels.

You collected 464 gold pieces.
You spent 409 gold pieces at shops.


Innate Abilities, Weirdness & Mutations

You are immune to sickness and miasma.
Your stone body is resilient. (AC +8)
You are immune to poison.
You resist negative energy. (rN+)
You are resistant to electric shocks. (rElec)
You are resistant to unholy torment.
You are immune to petrification.


   Skills:
 - Level 9.2(14.2) Fighting
 + Level 11.6(16.6) Axes
 - Level 3.1(8.1) Throwing
 - Level 6.1(11.1) Armour
 - Level 2.1(7.1) Dodging
 - Level 10.0(15.0) Shields
 - Level 4.5 Invocations


You had 10 spell levels left.
You didn't know any spells.
Your spell library was empty.

Inventory:

Hand Weapons
 e - a +0 flail
 Y - a +1 broad axe (weapon)
Missiles
 g - 6 boomerangs
 y - 3 javelins (quivered)
Armour
 c - a +1 ring mail of cold resistance
 j - a +0 chain mail (worn)
 k - a +2 pair of gloves (worn)
 o - a +1 helmet (worn)
 r - +0 acid dragon scales
 u - a +0 kite shield (worn)
Jewellery
 h - an amulet of the acrobat
 i - an amulet of faith (around neck)
 m - a ring of fire
 p - a +5 ring of evasion (left hand)
 q - a +4 ring of slaying (right hand) {mikee}
Wands
 b - a wand of digging (6)
Scrolls
 a - 3 scrolls of identify
 n - a scroll of teleportation
Potions
 d - 2 potions of might
 f - 2 potions of haste
 l - a potion of curing
 s - 2 potions of resistance
 t - 3 potions of attraction
 v - a potion of lignification
 w - a potion of heal wounds {unknown}
 x - a potion of mutation

Dungeon Overview and Level Annotations

Branches:
Dungeon (14/15)            Temple (1/1) D:4          Vaults (0/5) D:14
   Lair: D:8-11         Orc: D:9-12

Altars:
Ashenzari
Cheibriados
Dithmenos
Elyvilon
Fedhas
Gozag
Hepliaklqana
Kikubaaqudgha
Makhleb
Nemelex Xobeh
Okawaru
Qazlal
Ru
Sif Muna
Trog
Uskayaw
Vehumet
Wu Jian
Xom
Yredelemnul
Zin
The Shining One

Shops:
D:2 (   D:3 *   D:8 *:=?   D:10 !

Annotations:
D:9 2 transporters, qw's ghost, novice MiHs


Message History

You barely miss the guardian serpent.
The guardian serpent hits you but does no damage.
The shadow dragon bites you. The shadow dragon claws you!
The shadow dragon claws you but does no damage.
You closely miss the shadow dragon.
The shadow dragon is lightly wounded.
You barely miss the guardian serpent.
The guardian serpent changes into a spriggan!
The shadow dragon misses you. x2; The shadow dragon barely misses you.
You hit the shadow dragon but do no damage.
The shadow dragon is lightly wounded.
You barely miss the spriggan. You barely miss the shadow dragon.
The shadow dragon is lightly wounded.
You slice the spriggan!! The shadow dragon bites you.
The shadow dragon claws you. x2
The spriggan barely misses you.
You miss the spriggan.
The spriggan is severely wounded.
You closely miss the shadow dragon.
The spriggan changes into a hog!
You block the shadow dragon's attack. x2
The shadow dragon claws you.
9514 ||| READING 2 scrolls of teleportation.
As you read the scroll of teleportation, it crumbles to dust.
You feel strangely unstable.
The shadow dragon bites you but does no damage.
You block the shadow dragon's attack. x2; The hog bites you!
You slash the hog!
The hog is almost dead.
You hit the shadow dragon but do no damage.
You block the shadow dragon's attack. x2
The shadow dragon claws you but does no damage.
The hog closely misses you.
You barely miss the hog.
The hog is almost dead.
You hit the shadow dragon but do no damage.
The hog bites you.
The shadow dragon bites you but does no damage.
The shadow dragon claws you!
You die...

..# ... ######+######...
#>.....D@h.>#...
#...........##..
#<.........<#..# ##
######+######.)#######...
#.......>....#
##..J.........#
#..J..........#
#..J###...##### #....
#####


You could see a shadow dragon and a hog shaped shifter.

Vanquished Creatures
  Josephine (D:10)
  Erolcha (D:10)
  A vault guard (D:14)
  A centaur warrior (D:14)
  An ogre mage (D:13)
  Urug (D:10)
  A cyclops (D:14)
  A manticore (D:14)
  An unseen horror (D:7)
  A hornet (D:4)
  7 slime creatures
  A centaur simulacrum (D:14)
  6 wraiths
  4 wyverns
  12 yaks
  2 steam dragons
  A water moccasin (D:5)
  2 acid dragons
  Pargi (D:3)
  An ice beast (D:6)
  4 sky beasts
  A black bear (D:5)
  2 centaurs
  3 kobold brigands
  2 bullfrogs
  2 gnoll sergeants
  2 scorpions
  5 wights (D:10)
  4 killer bees (D:9)
  A howler monkey (D:6)
  4 hounds (D:6)
  2 orc priests (D:10)
  5 jellies
  A sleepcap (D:6)
  6 iguanas
  5 orc wizards
  4 adders
  10 gnolls
  3 shadow imps
  A white imp (D:8)
  3 ufetubi
  3 worms
  A dart slug (D:1)
  17 orcs
  3 endoplasms
  2 giant cockroaches
  2 goblins
  7 hobgoblins
  6 jackals
  17 kobolds
  3 quokkas
  5 ball pythons
  6 bats
  3 frilled lizards
  6 rats
198 creatures vanquished.

Notes
Turn   | Place    | Note
-------+----------+-------------------------------------------
     0 | D:1      | qw the Gargoyle Fighter began the quest for the Orb.
     0 | D:1      | Reached XP level 1. HP: 14/14 MP: 1/1
     0 | D:1      | 0 ||| qw: Version: 0.3-a-40-ge99b1a8
     0 | D:1      | 0 ||| qw: Game counter: 8005
     0 | D:1      | 0 ||| qw: Melee chars always use a shield: true
     0 | D:1      | 0 ||| qw: God list: Okawaru
     0 | D:1      | 0 ||| qw: Allow faded altars: false
     0 | D:1      | 0 ||| qw: Do Orc after clearing Dungeon:15 true
     0 | D:1      | 0 ||| qw: Do second Lair branch before Depths: true
     0 | D:1      | 0 ||| qw: Lair rune preference: random
     0 | D:1      | 0 ||| qw: Goals: Normal, Zot:1-4, Slime:5, God:TSO, Crypt,
                  | Tomb, Abyss, Pan, Hells, Win
     0 | D:1      | 0 ||| PLANNING D:1-11
    66 | D:1      | Reached skill level 2 in Axes
   106 | D:1      | 106 ||| Stepping ~*~*~tactically~*~*~ (hiding).
   113 | D:1      | Reached XP level 2. HP: 19/19 MP: 2/2
   264 | D:1      | 264 ||| Stepping ~*~*~tactically~*~*~ (hiding).
   385 | D:1      | 385 ||| Stepping ~*~*~tactically~*~*~ (stealth).
   386 | D:1      | 386 ||| Stepping ~*~*~tactically~*~*~ (stealth).
   518 | D:1      | 518 ||| Stepping ~*~*~tactically~*~*~ (stealth).
   527 | D:1      | Reached skill level 3 in Axes
   530 | D:1      | Reached XP level 3. HP: 23/23 MP: 3/3
   719 | D:1      | 719 ||| UPGRADING to +2 pair of gloves.
   724 | D:1      | 724 ||| UPGRADING to ring of willpower.
   725 | D:1      | 725 ||| READING scroll labelled VANKIB IBROAC.
   726 | D:1      | 726 ||| READING scroll labelled ARUUDA CYLAWN.
   727 | D:1      | 727 ||| READING scroll labelled DIASYLIAGO.
   728 | D:1      | 728 ||| READING 2 scrolls labelled HICWA PYARPH.
   803 | D:2      | 803 ||| Stepping ~*~*~tactically~*~*~ (hiding).
   811 | D:2      | Reached skill level 1 in Throwing
   876 | D:2      | 876 ||| Stepping ~*~*~tactically~*~*~ (hiding).
   877 | D:2      | 877 ||| Stepping ~*~*~tactically~*~*~ (hiding).
   912 | D:2      | 912 ||| Stepping ~*~*~tactically~*~*~ (stealth).
   913 | D:2      | 913 ||| Stepping ~*~*~tactically~*~*~ (stealth).
   914 | D:2      | 914 ||| Stepping ~*~*~tactically~*~*~ (stealth).
  1172 | D:2      | Found Bitobafo's Antique Weapon Shop.
  1179 | D:2      | 1179 ||| SHOPLISTING ancient morningstar (162 gold, have
                  | 64).
  1179 | D:2      | 1179 ||| SHOPLISTING crude morningstar (162 gold, have 64).
  1179 | D:2      | 1179 ||| BUYING mace (54 gold).
  1179 | D:2      | Bought a mace for 54 gold pieces
  1179 | D:2      | 1179 ||| DROPPING +0 club.
  1279 | D:2      | 1279 ||| Stepping ~*~*~tactically~*~*~ (hiding).
  1285 | D:2      | Reached XP level 4. HP: 26/28 MP: 4/4
  1297 | D:2      | 1297 ||| Stepping ~*~*~tactically~*~*~ (stealth).
  1298 | D:2      | 1298 ||| Stepping ~*~*~tactically~*~*~ (stealth).
  1420 | D:2      | 1420 ||| READING 4 scrolls labelled FUJOTE IGIHA.
  1421 | D:2      | 1421 ||| READING scroll labelled QASOIH YLINE.
  1422 | D:2      | 1422 ||| READING scroll labelled IKEROI JIBAAWN.
  1423 | D:2      | 1423 ||| READING 3 scrolls of identify.
  1423 | D:2      | 1423 ||| IDENTIFYING coppery potion
  1424 | D:2      | 1424 ||| READING 2 scrolls of identify.
  1424 | D:2      | 1424 ||| IDENTIFYING sapphire potion
  1425 | D:2      | 1425 ||| DROPPING potion of berserk rage.
  1426 | D:2      | 1426 ||| DROPPING potion of brilliance.
  1524 | D:3      | Found an opulent altar of Gozag.
  1533 | D:3      | 1533 ||| Stepping ~*~*~tactically~*~*~ (stealth).
  1557 | D:3      | Noticed Pargi
  1582 | D:3      | Killed Pargi
  1583 | D:3      | Reached skill level 4 in Axes
  1583 | D:3      | Reached XP level 5. HP: 17/32 MP: 5/5
  1664 | D:3      | 1664 ||| Stepping ~*~*~tactically~*~*~ (stealth).
  1671 | D:3      | 1671 ||| Stepping ~*~*~tactically~*~*~ (hiding).
  1681 | D:3      | Reached skill level 5 in Axes
  1748 | D:3      | 1748 ||| Stepping ~*~*~tactically~*~*~ (stealth).
  1749 | D:3      | 1749 ||| Stepping ~*~*~tactically~*~*~ (stealth).
  1750 | D:3      | 1750 ||| DROPPING +0 mace.
  1752 | D:3      | 1752 ||| Stepping ~*~*~tactically~*~*~ (stealth).
  2110 | D:3      | Found Ris Haoc's General Store.
  2119 | D:3      | 2119 ||| SHOPLISTING +6 ring of strength (396 gold, have
                  | 70).
  2345 | D:3      | 2345 ||| UPGRADING to +0 chain mail.
  2355 | D:3      | 2355 ||| DROPPING +0 scale mail.
  2356 | D:3      | 2356 ||| UPGRADING to +0 helmet.
  2361 | D:3      | 2361 ||| UPGRADING to amulet of the acrobat.
  2366 | D:3      | 2366 ||| UPGRADING to +4 ring of slaying {mikee}.
  2367 | D:3      | 2367 ||| DRINKING 2 grey potions.
  2368 | D:3      | 2368 ||| READING 2 scrolls of identify.
  2368 | D:3      | 2368 ||| IDENTIFYING smoky emerald potion
  2626 | D:4      | Reached XP level 6. HP: 38/38 MP: 6/6
  2673 | D:4      | Found a staircase to the Ecumenical Temple.
  2674 | D:4      | 2674 ||| PLANNING TEMPLE
  2674 | D:4      | 2674 ||| Stepping ~*~*~tactically~*~*~ (stealth).
  2683 | D:4      | 2683 ||| Stepping ~*~*~tactically~*~*~ (stealth).
  2683 | D:4      | Noticed a hornet
  2689 | D:4      | Killed a hornet
  2690 | D:4      | Reached skill level 6 in Axes
  2690 | D:4      | Reached XP level 7. HP: 34/43 MP: 7/7
  2725 | D:4      | 2725 ||| DRINKING 2 golden potions.
  2726 | D:4      | 2726 ||| DROPPING potion of degeneration.
  2728 | Temple   | Entered the Ecumenical Temple
  2779 | Temple   | 2779 ||| PLANNING D:1-11
  3056 | D:4      | 3056 ||| UPGRADING to +5 ring of evasion.
  3058 | D:4      | 3058 ||| DROPPING ring of willpower.
  3068 | D:5      | Entered Level 5 of the Dungeon
  3239 | D:5      | Found an ancient bone altar of Kikubaaqudgha.
  3423 | D:5      | Found a hazy altar of Hepliaklqana.
  3424 | D:5      | Found a shimmering altar of Xom.
  3425 | D:5      | Noticed a spectral ugly thing
  3549 | D:5      | Found a stormy altar of Qazlal.
  3605 | D:5      | Reached skill level 7 in Axes
  3750 | D:5      | 3750 ||| READING scroll labelled LIBROU XIQO.
  3751 | D:5      | 3751 ||| READING scroll labelled PAETEOPIMN.
  3752 | D:5      | 3752 ||| READING 4 scrolls of identify.
  3752 | D:5      | 3752 ||| IDENTIFYING dark potion
  3753 | D:5      | 3753 ||| READING 3 scrolls of identify.
  3753 | D:5      | 3753 ||| IDENTIFYING lumpy brown potion
  3754 | D:5      | 3754 ||| DROPPING potion of invisibility.
  3832 | D:6      | Reached XP level 8. HP: 43/48 MP: 8/8
  4118 | D:6      | Identified the +7 sling of Gaemp {freeze, Will++ Int-5
                  | SInv}
  4264 | D:6      | Reached skill level 8 in Axes
  4325 | D:6      | Reached skill level 6 in Fighting
  4496 | D:6      | 4496 ||| READING scroll labelled POENUB BIEGELE.
  4717 | D:7      | Killed an unseen horror
  4718 | D:7      | Reached XP level 9. HP: 43/56 MP: 9/9
  5006 | D:7      | Reached skill level 9 in Axes
  5018 | D:7      | 5018 ||| Stepping ~*~*~tactically~*~*~ (hiding).
  5201 | D:7      | 5201 ||| Stepping ~*~*~tactically~*~*~ (stealth).
  5501 | D:8      | Found Setuil's Magic Scroll Shop.
  5512 | D:8      | 5512 ||| BUYING scroll of enchant armour (105 gold).
  5512 | D:8      | Bought a scroll of enchant armour for 105 gold pieces
  5512 | D:8      | 5512 ||| BUYING scroll of identify (28 gold).
  5512 | D:8      | Bought a scroll of identify for 28 gold pieces
  5512 | D:8      | 5512 ||| BUYING scroll of teleportation (42 gold).
  5512 | D:8      | Bought a scroll of teleportation for 42 gold pieces
  5512 | D:8      | 5512 ||| READING scroll of enchant armour.
  5512 | D:8      | 5512 ||| ENCHANTING +0 helmet.
  5561 | D:8      | Found Plog's Jewellery Boutique.
  5569 | D:8      | 5569 ||| SHOPLISTING amulet of reflection (330 gold, have
                  | 138).
  5612 | D:8      | 5612 ||| Stepping ~*~*~tactically~*~*~ (hiding).
  5613 | D:8      | 5613 ||| Stepping ~*~*~tactically~*~*~ (hiding).
  5699 | D:8      | Found Byuz's Book Shoppe.
  5991 | D:8      | Found Ituquuv's Assorted Antiques.
  5999 | D:8      | 5999 ||| BUYING lead wand (84 gold).
  5999 | D:8      | Bought a lead wand for 84 gold pieces
  5999 | D:8      | 5999 ||| SHOPLISTING pair of boots (94 gold, have 54).
  5999 | D:8      | 5999 ||| SHOPLISTING pair of runed boots (157 gold, have
                  | 54).
  5999 | D:8      | 5999 ||| SHOPLISTING scroll of teleportation (63 gold, have
                  | 54).
  6028 | D:8      | 6028 ||| UPGRADING to amulet of faith.
  6038 | D:8      | 6038 ||| DROPPING wand of roots (1).
  6125 | D:9      | Found a transporter.
  6131 | D:9      | Noticed qw's ghost (novice MiHs)
  6131 | D:9      | Noticed a troll
  6138 | D:9      | Noticed a hornet
  6138 | D:9      | Noticed a centaur warrior
  6203 | D:9      | Found a transporter.
  6246 | D:9      | 6246 ||| Stepping ~*~*~tactically~*~*~ (hiding).
  6253 | D:9      | Reached skill level 10 in Axes
  6365 | D:9      | Found an iron altar of Okawaru.
  6366 | D:9      | 6366 ||| PLANNING OKAWARU WORSHIP
  6367 | D:9      | 6367 ||| Stepping ~*~*~tactically~*~*~ (stealth).
  6368 | D:9      | 6368 ||| READING 5 scrolls of identify.
  6368 | D:9      | 6368 ||| IDENTIFYING fuming blue potion
  6372 | D:9      | Reached XP level 10. HP: 63/63 MP: 10/10
  6374 | D:9      | 6374 ||| Stepping ~*~*~tactically~*~*~ (hiding).
  6382 | D:9      | 6382 ||| Stepping ~*~*~tactically~*~*~ (hiding).
  6383 | D:9      | 6383 ||| Stepping ~*~*~tactically~*~*~ (hiding).
  6474 | D:9      | Became a worshipper of Warmaster Okawaru
  6475 | D:9      | 6475 ||| PLANNING D:1-11
  6698 | D:9      | 6698 ||| Stepping ~*~*~tactically~*~*~ (stealth).
  6712 | D:9      | Reached skill level 11 in Axes
  6718 | D:9      | Reached * piety under Okawaru
  6894 | D:9      | 6894 ||| UPGRADING to +0 kite shield.
  6904 | D:9      | 6904 ||| DROPPING +0 buckler.
  6905 | D:9      | 6905 ||| READING 4 scrolls of identify.
  6905 | D:9      | 6905 ||| IDENTIFYING bubbling pink potion
  6958 | D:10     | Entered Level 10 of the Dungeon
  7010 | D:10     | Reached skill level 1 in Invocations
  7058 | D:10     | 7058 ||| INVOKING Heroism.
  7257 | D:10     | Noticed Erolcha
  7258 | D:10     | 7258 ||| Stepping ~*~*~tactically~*~*~ (hiding).
  7259 | D:10     | 7259 ||| INVOKING Heroism.
  7270 | D:10     | Killed Erolcha
  7271 | D:10     | Reached skill level 6 in Shields
  7271 | D:10     | Reached skill level 3 in Invocations
  7279 | D:10     | 7279 ||| Stepping ~*~*~tactically~*~*~ (stealth).
  7358 | D:10     | 7358 ||| Stepping ~*~*~tactically~*~*~ (hiding).
  7389 | D:10     | 7389 ||| Stepping ~*~*~tactically~*~*~ (stealth).
  7393 | D:10     | 7393 ||| Stepping ~*~*~tactically~*~*~ (hiding).
  7402 | D:10     | 7402 ||| INVOKING Heroism.
  7563 | D:10     | Noticed Urug
  7564 | D:10     | 7564 ||| Stepping ~*~*~tactically~*~*~ (hiding).
  7569 | D:10     | 7569 ||| INVOKING Heroism.
  7586 | D:10     | Killed Urug
  7586 | D:10     | Reached ** piety under Okawaru
  7587 | D:10     | Reached XP level 11. HP: 21/68 MP: 12/14
  7697 | D:10     | 7697 ||| FLEEEEING.
  7701 | D:10     | 7701 ||| FLEEEEING.
  7702 | D:10     | 7702 ||| FLEEEEING.
  7703 | D:10     | 7703 ||| FLEEEEING.
  7825 | D:10     | Noticed Josephine
  7853 | D:10     | 7853 ||| INVOKING Heroism.
  7855 | D:10     | Killed Josephine
  7855 | D:10     | Reached *** piety under Okawaru
  7856 | D:10     | Reached skill level 9 in Shields
  8050 | D:10     | 8050 ||| Stepping ~*~*~tactically~*~*~ (stealth).
  8058 | D:10     | 8058 ||| Stepping ~*~*~tactically~*~*~ (stealth).
  8075 | D:10     | Reached skill level 6 in Armour
  8218 | D:10     | Found Awiastri's Distillery.
  8224 | D:10     | 8224 ||| BUYING 2 potions of attraction (96 gold).
  8224 | D:10     | Bought 2 potions of attraction for 96 gold pieces
  8224 | D:10     | 8224 ||| SHOPLISTING potion of curing (48 gold, have 31).
  8224 | D:10     | 8224 ||| SHOPLISTING potion of heal wounds (80 gold, have
                  | 31).
  8224 | D:10     | 8224 ||| SHOPLISTING potion of might (64 gold, have 31).
  8224 | D:10     | 8224 ||| SHOPLISTING potion of resistance (160 gold, have
                  | 31).
  8488 | D:10     | 8488 ||| READING 3 scrolls of identify.
  8488 | D:10     | 8488 ||| IDENTIFYING yellow potion
  8534 | D:11     | 8534 ||| PLANNING GAUNTLET
  8534 | D:11     | You fall into a shaft and drop 3 floors!
  8572 | D:14     | Noticed a cyclops
  8573 | D:14     | 8573 ||| Stepping ~*~*~tactically~*~*~ (hiding).
  8575 | D:14     | 8575 ||| INVOKING Heroism.
  8586 | D:14     | Killed a cyclops
  8587 | D:14     | Reached skill level 3 in Throwing
  8610 | D:14     | Identified the +5 trident of Kizxar {heavy, rN+ Str-2
                  | Int+2}
  8614 | D:14     | Noticed a centaur warrior
  8615 | D:14     | 8615 ||| Stepping ~*~*~tactically~*~*~ (hiding).
  8616 | D:14     | 8616 ||| Stepping ~*~*~tactically~*~*~ (hiding).
  8617 | D:14     | 8617 ||| Stepping ~*~*~tactically~*~*~ (hiding).
  8630 | D:14     | 8630 ||| INVOKING Heroism.
  8635 | D:14     | Killed a centaur warrior
  8653 | D:14     | 8653 ||| Stepping ~*~*~tactically~*~*~ (stealth).
  8659 | D:14     | 8659 ||| INVOKING Heroism.
  8670 | D:14     | Reached **** piety under Okawaru
  8671 | D:14     | HP: 13/69 [slime creature (7)]
  8672 | D:14     | 8672 ||| READING 5 scrolls of teleportation.
  8713 | D:14     | 8713 ||| INVOKING Heroism.
  8986 | D:14     | Noticed a manticore
  8987 | D:14     | 8987 ||| Stepping ~*~*~tactically~*~*~ (hiding).
  8989 | D:14     | 8989 ||| INVOKING Heroism.
  8998 | D:14     | Killed a manticore
  8999 | D:14     | Reached skill level 9 in Fighting
  9081 | D:14     | Identified the +1 robe of Trumpets {rC+ Int+2}
  9082 | D:14     | 9082 ||| SWAPPING to +0 broad axe.
  9083 | D:14     | 9083 ||| DROPPING +0 war axe.
  9138 | D:14     | Found a gate to the Vaults.
  9138 | D:14     | Noticed a vault guard
  9138 | D:14     | Noticed a vault guard
  9138 | D:14     | Noticed a vault guard
  9138 | D:14     | Noticed a vault guard
  9139 | D:14     | 9139 ||| Stepping ~*~*~tactically~*~*~ (stealth).
  9140 | D:14     | Noticed a vault guard
  9141 | D:14     | 9141 ||| Stepping ~*~*~tactically~*~*~ (stealth).
  9147 | D:14     | 9147 ||| INVOKING Heroism.
  9148 | D:14     | Noticed a vault guard
  9151 | D:14     | HP: 17/71 [vault guard/+0 battleaxe (6)]
  9152 | D:14     | 9152 ||| READING 4 scrolls of teleportation.
  9154 | D:14     | HP: 7/71 [vault guard/+0 long sword (3)]
  9378 | D:14     | Killed a vault guard
  9453 | D:14     | 9453 ||| RIP GAUNTLET
  9453 | D:14     | 9453 ||| PLANNING D:1-11
  9453 | D:14     | 9453 ||| READING scroll labelled QAPTUE MARHICK.
  9467 | D:13     | Noticed an ogre mage
  9468 | D:13     | 9468 ||| Stepping ~*~*~tactically~*~*~ (hiding).
  9469 | D:13     | 9469 ||| INVOKING Heroism.
  9477 | D:13     | Killed an ogre mage
  9494 | D:13     | 9494 ||| INVOKING Heroism.
  9495 | D:13     | 9495 ||| READING 3 scrolls of teleportation.
  9499 | D:13     | Noticed a shadow dragon
  9499 | D:13     | Noticed a steelbarb worm
  9500 | D:13     | a steelbarb worm changed into a mana viper
  9500 | D:13     | Noticed a mana viper (glowing shapeshifter)
  9501 | D:13     | a mana viper changed into a guardian serpent
  9513 | D:13     | HP: 16/71 [shadow dragon (3)]
  9514 | D:13     | 9514 ||| READING 2 scrolls of teleportation.
  9516 | D:13     | HP: 5/71 [hog (glowing shapeshifter) (3)]
  9516 | D:13     | Slain by a shadow dragon

Levels and vault maps discovered:
D:1:      beargit_arrival_greenhouse, layout_basic
D:2:      layout_basic, serial_shops, nicolae_shop_advertising_works
          [nicolae_subvault_shop_adworks]
D:3:      layout_loops_ring, mainiacjoe_overflow_small_starburst, serial_shops,
          shop_fountains, uniq_pargi
D:4:      layout_loops_ring, minmay_temple_entry_stoned_glass
D:5:      layout_loops_ring, regret_index_temple_of_mockery,
          lemuel_coloured_pillars_altar,
          mainiacjoe_overflow_concentric_impassable, dreamdust_princess_bridge,
          minmay_misc_feat_room
D:6:      minmay_chambers_of_threes, layout_cave_pools, kennysheep_pointless_box
D:7:      layout_basic
D:8:      layout_gridville, serial_shops, shop, nicolae_lakefront_shop, shop,
          shop
D:9:      layout_roguey, mainiacjoe_overflow_paths, nzn_ghost_randoct
D:10:     nicolae_cairo_tiling, layout_basic, serial_shops, shop, uniq_urug,
          uniq_josephine, uniq_erolcha
D:11:     layout_basic, dpeg_oklobed_lair, david_orc_2, gauntlet_entry_generic,
          st_stairs_12, eino_jars
D:13:     minmay_diamond_stairs, layout_gridville, serial_shops, shop, shop,
          nicolae_diamond_shop, nicolae_shop_window_shopping,
          hangedman_decor_riveting, chequers_serial_rivers_micro_c
D:14:     layout_irregular_city, erik_vaults_2, kennysheep_decorative_pillar
Temple:   nicolae_temple_x_marks_the_god

Skill      XL: |  1  2  3  4  5  6  7  8  9 10 11 |
---------------+----------------------------------+-----
Axes           | 2 3 4 5 6 7 8 10 11 | 11.6
Throwing       | 1 2 3 |  3.1
Fighting       | 4 6 7 8 9 |  9.2
Dodging        | 2 |  2.1
Armour         | 4 5 6 |  6.1
Shields        | 4 8 10 | 10.0
Invocations    | 4 |  4.5

Action                     |  1- 3 |  4- 6 |  7- 9 | 10-12 || total
---------------------------+-------+-------+-------+-------++-------
  Melee: War axe           |    74 |    84 |   235 |   276 ||   669
         Broad axe         |       |       |       |    54 ||    54
  Throw: Javelin           |    40 |    38 |    20 |    10 ||   108
         Boomerang         |       |       |    23 |    24 ||    47
 Invoke: Heroism           |       |       |       |    13 ||    13
    Use: Scroll            |     4 |     6 |     7 |     7 ||    24
         Potion            |       |     1 |     1 |       ||     2
 Armour: Scale mail        |    34 |    60 |       |       ||    94
         Chain mail        |       |     9 |   140 |   130 ||   279
  Dodge: Dodged            |    34 |    54 |   172 |   158 ||   418
  Block: Buckler           |    14 |    16 |    49 |    13 ||    92
         Kite shield       |       |       |       |   115 ||   115

Table legend:
 A = Non-vault XP
 B = Vault XP
 C = Vault XP percentage of total XP
 D = Non-vault monster count
 E = Vault monster count
 F = Vault count percentage of total count
                 A         B        C        D         E       F
            +---------+---------+-------+---------+---------+-------
      Total |   12167 |    5863 |  32.5 |     176 |      22 |  11.1
            +---------+---------+-------+---------+---------+-------
        D:1 |      38 |       0 |   0.0 |      21 |       0 |   0.0
        D:2 |      50 |       0 |   0.0 |      20 |       0 |   0.0
        D:3 |      77 |     134 |  63.5 |      15 |       1 |   6.2
        D:4 |     349 |       0 |   0.0 |      12 |       0 |   0.0
        D:5 |     465 |       0 |   0.0 |       6 |       0 |   0.0
        D:6 |     563 |     655 |  53.8 |      15 |      12 |  44.4
        D:7 |     636 |       0 |   0.0 |      14 |       0 |   0.0
        D:8 |    1336 |       0 |   0.0 |      12 |       0 |   0.0
        D:9 |    2603 |       0 |   0.0 |      28 |       0 |   0.0
       D:10 |    2032 |    3407 |  62.6 |      21 |       7 |  25.0
       D:13 |     217 |     827 |  79.2 |       1 |       1 |  50.0
       D:14 |    3801 |     840 |  18.1 |      11 |       1 |   8.3
            +---------+---------+-------+---------+---------+-------
